 Dungeon Crawl Stone Soup version 0.20.0-15-g7f486f2 (webtiles) character file.

91625 Darkell the Nimble (level 15, -8/107 HPs)
             Began as a Demonspawn Ice Elementalist on June 17, 2017.
             Was the Champion of Kikubaaqudgha.
             Mangled by an orc knight
             ... wielding a +3 bardiche of venom
              (24 damage)
             ... on level 2 of the Orcish Mines.
             The game lasted 00:55:59 (28922 turns).

Darkell the Nimble (Demonspawn Ice Elementalist)   Turns: 28922, Time: 00:56:00

Health: -8/107     AC: 13    Str:  9    XL:     15   Next: 55%
Magic:  0/28       EV: 25    Int: 30    God:    Kikubaaqudgha [******]
Gold:   1574       SH:  0    Dex: 24    Spells: 6/32 levels left

rFire    . . .     SeeInvis .   a - +7 mace "Ceit" {crush, rF+ Dex+4}
rCold    . . .     Gourm    .   (no shield)
rNeg     . . .     Faith    .   G - +4 leather armour "Aryruhe" {rC- Int+8 Dex+6}
rPois    .         Spirit   +   (helmet unavailable)
rElec    .         Reflect  .   s - +1 cloak {+Inv}
rCorr    .         Harm     .   (no gloves)
MR       +....                  K - +1 pair of boots
Stlth    ++........             (no amulet)
Regen    0.7/turn               q - ring of ice
MPRegen  0.3/turn               U - +2 ring of evasion

@: no status effects
A: horns 3, rugged brown scales 2, blurry vision 1, regeneration 1, spiny 1,
magic shield
a: Receive Corpses, Torment, Brand Weapon With Pain, Receive Necronomicon,
Renounce Religion, Evoke Invisibility


You were on level 2 of the Orcish Mines.
You worshipped Kikubaaqudgha.
Kikubaaqudgha was exalted by your worship.
You were not hungry.

You visited 4 branches of the dungeon, and saw 20 of its levels.
You also visited: Labyrinth, Sewer, Ossuary and Bailey.

You collected 1574 gold pieces.

Inventory:

Hand Weapons
 a - the +7 mace "Ceit" (weapon) {crush, rF+ Dex+4}
   (You found it on level 6 of the Lair of Beasts)

   It inflicts extra damage upon your enemies.
   It affects your dexterity (+4).
   It protects you from fire.
Armour
 s - a +1 cloak of invisibility (worn)
 G - the +4 leather armour "Aryruhe" (worn) {rC- Int+8 Dex+6}
   (You found it on level 4 of the Dungeon)

   It affects your intelligence (+8).
   It affects your dexterity (+6).
   It makes you vulnerable to cold.
 K - a +1 pair of boots (worn)
Magical Staves
 b - an uncursed staff of cold
 O - an uncursed staff of power
Jewellery
 q - a ring of ice (left hand)
 t - an uncursed ring of protection from magic
 C - an uncursed ring of resist corrosion {unknown}
 F - an uncursed ring of resist corrosion {unknown}
 U - a +2 ring of evasion (right hand)
Wands
 i - a wand of lightning (13/15)
 o - a wand of lightning (4/15)
Scrolls
 e - 21 scrolls of identify {unknown}
 f - 4 scrolls of remove curse
 h - 9 scrolls of fear
 k - 5 scrolls of enchant weapon {unknown}
 n - 8 scrolls of teleportation {unknown}
 r - 2 scrolls of blinking
 u - a scroll of immolation {unknown}
 w - 2 scrolls of magic mapping
 x - 2 scrolls of random uselessness {unknown}
 y - 3 scrolls of recharging
 D - 8 scrolls of amnesia
Potions
 g - 4 potions of might
 l - 7 potions of flight
 m - a potion of haste
 p - 4 potions of heal wounds
 z - 7 potions of curing
 R - a potion of brilliance
 T - 3 potions of magic
 X - 4 potions of agility
Comestibles
 c - 18 bread rations
 d - 5 meat rations
 A - 3 royal jellies
 M - 20 fruits


   Skills:
 + Level 4.8 Fighting
 + Level 12.2 Dodging
 - Level 1.7 Stealth
 - Level 9.2 Spellcasting
 - Level 11.5 Conjurations
 - Level 6.0 Charms
 - Level 12.0 Necromancy
 - Level 4.9 Translocations
 - Level 10.3 Ice Magic


You had 6 spell levels left.
You knew the following spells:

 Your Spells              Type           Power        Failure   Level  Hunger
a - Freeze                Ice            ####         1%          1    None
b - Ozocubu's Armour      Chrm/Ice       #######.     1%          3    None
c - Throw Icicle          Conj/Ice       #######.     1%          4    None
d - Regeneration          Chrm/Necr      ######....   1%          3    None
e - Corpse Rot            Necr           N/A          1%          2    None
f - Blink                 Tloc           N/A          1%          2    None
g - Dispel Undead         Necr           ######..     1%          5    ####...
h - Agony                 Necr           ######..     1%          5    ####...
i - Apportation           Tloc           #####.       1%          1    None


Dungeon Overview and Level Annotations

Branches:
Dungeon (11/15)            Temple (1/1) D:7            Lair (6/6) D:11
  Swamp (0/4) Lair:4        Snake (0/4) Lair:3        Slime (0/5) Lair:5
    Orc (2/2) D:9
    Elf: Orc:2

Altars:
Ashenzari
Cheibriados
Dithmenos
Elyvilon
Fedhas
Gozag
Hepliaklqana
Kikubaaqudgha
Makhleb
Nemelex Xobeh
Okawaru
Qazlal
Trog
Uskayaw
Vehumet
Xom
Yredelemnul
Zin
The Shining One
Beogh

Shops:
Orc:2 ?

Annotations:
D:3 Droogh's ghost, amateur DECj
D:7 Menkaure


Innate Abilities, Weirdness & Mutations

You have a pair of large horns on your head.
You are mostly covered in rugged brown scales. (AC +2, +5% HP)
You are partially covered in sharp spines.
When hurt, damage is shared between your health and your magic reserves.
Scrolls take you a little longer to read.
Your natural rate of healing is unusually fast.


Message History

The orc knight hits you from afar with a bardiche of venom!!
* * * LOW HITPOINT WARNING * * *
You are lethally poisoned!
* * * LOW HITPOINT WARNING * * *
You feel very sick.
There is an open door here.
* * * LOW HITPOINT WARNING * * *
You feel very sick.
You close the door.
* * * LOW HITPOINT WARNING * * *
You feel very sick.
An orc knight opens the door.
* * * LOW HITPOINT WARNING * * *
You feel very sick.
Items here: ) [ ÷÷ a short sword; a scale mail; an orc skeleton x2
You feel better.
The orc knight hits you from afar with a bardiche of venom!!
You die...
Kikubaaqudgha rasps: "You have failed me!
Welcome... death!"

###......###............#
##........##............#
♣P............)[[.......#
...♣.........))))....##...
#### ≈≈............)#######
#### #...
≈≈≈P♣P.........#.....#
#####...
≈≈≈###.........#)....#
#.'.[... ≈≈≈≈
#.........').⌠..# #.###...
#≈≈#####.......#@)÷..#####.#
#... ≈###
#...###..#.....#...#.# ####
# ############o###...#.#
+........)))_.'.######
##+###)##.#...###.§§§≈
#...#.#...#.'..≈≈≈
#...#.##'##.#.)≈≈§
#..∩#.......######
#############


You could see an orc knight.

Vanquished Creatures
  Kirke (Lair:4)
  An orc warlord (Bailey)
  A minotaur (Lab)
  Josephine (Lair:4)
  7 hydras
  Harold (Orc:1)
  A merfolk avatar (Lair:6)
  3 catoblepae
  A centaur warrior (D:11)
  4 two-headed ogres
  A death knight (D:11)
  The ghost of ANON1729 the Destroyer, a journeyman TeCj of Vehumet (Lair:1)
  A skeletal warrior (D:11)
  3 sea snakes (Lair:6)
  An unseen horror (D:10)
  Pikel (D:6)
  5 orc knights
  3 ugly things
  A deep elf mage (D:11)
  An orc sorcerer (Orc:2)
  2 manticores
  3 elephants
  Joseph (D:7)
  3 black mambas
  15 spiny frogs
  3 rime drakes (Lair:6)
  10 komodo dragons
  A yaktaur (D:11)
  7 trolls
  5 polar bears
  10 blink frogs
  3 hornets
  7 hippogriffs
  2 slime creatures
  3 tyrant leeches
  A spriggan (D:8)
  7 wraiths
  3 wyverns
  34 yaks
  5 basilisks
  7 hogs
  3 hungry ghosts
  Grum (D:9)
  3 wargs
  3 nagas (Lair:3)
  Edmund (D:5)
  12 water moccasins
  14 porcupines
  30 orc warriors
  4 sky beasts
  2 ice beasts
  2 slaves
  A necrophage (D:9)
  9 ogres
  A hornet zombie (D:11)
  10 wolves
  5 phantoms
  4 centaurs
  18 crocodiles
  A wyvern zombie (D:8)
  7 big kobolds
  17 bullfrogs
  A gnoll sergeant (D:9)
  4 scorpions
  6 killer bees (D:10)
  A bullfrog zombie (D:11)
  2 crimson imps
  A quasit (D:7)
  A centaur zombie (Ossuary)
  3 bullfrog skeletons
  A human zombie (Ossuary)
  2 jellies
  10 orc priests
  4 hounds
  16 orc wizards
  4 centaur skeletons
  3 iguanas
  8 worker ants
  3 big kobold zombies (Ossuary)
  A hound zombie (D:7)
  2 hound skeletons
  2 mummies (Ossuary)
  25 gnolls
  2 river rats
  10 adders
  2 shadow imps (D:8)
  An ooze (D:1)
  4 adder zombies
  2 worms (D:2)
  2 dart slugs (D:3)
  5 leopard geckos
  102 orcs
  7 bats
  4 giant cockroaches
  18 goblins
  21 hobgoblins
  8 jackals
  7 kobolds
  4 quokkas
  6 ball pythons
  13 frilled lizards
  9 hobgoblin zombies (Ossuary)
  A jackal skeleton (D:4)
  8 kobold zombies (Ossuary)
  9 orc zombies (Ossuary)
  10 rats
  3 rat zombies (Ossuary)
677 creatures vanquished.

Vanquished Creatures (others)
  A slave (D:7)
  10 fungi
  7 plants
18 creatures vanquished.

Grand Total: 695 creatures vanquished

Notes
Turn   | Place    | Note
-------+----------+-------------------------------------------
     0 | D:1      | Darkell the Demonspawn Ice Elementalist began the quest for the Orb.
     0 | D:1      | Reached XP level 1. HP: 13/13 MP: 3/3
   221 | D:1      | Gained mutation: You have a pair of small horns on your head. [demonic ancestry]
   221 | D:1      | Reached XP level 2. HP: 15/19 MP: 0/5
  1007 | D:1      | Reached XP level 3. HP: 24/24 MP: 4/6
  1107 | D:2      | Found a snail-covered altar of Cheibriados.
  1791 | D:2      | Reached XP level 4. HP: 29/30 MP: 3/7
  2327 | D:3      | Noticed Droogh's ghost (amateur DECj)
  2377 | D:4      | Reached skill level 5 in Ice Magic
  2407 | D:4      | Reached XP level 5. HP: 11/35 MP: 5/8
  2569 | D:4      | Found a glowing drain.
  2736 | Sewer    | Entered a sewer
  3529 | D:4      | Gained mutation: When hurt, damage is shared between your health and your magic reserves. [demonic ancestry]
  3529 | D:4      | Reached XP level 6. HP: 26/41 MP: 9/9
  3648 | D:4      | Learned a level 3 spell: Ozocubu's Armour
  3653 | D:4      | Learned a level 4 spell: Throw Icicle
  3735 | D:4      | Got a faintly glowing leather armour
  3746 | D:4      | Identified the +4 leather armour "Aryruhe" {rC- Int+8 Dex+6} (You found it on level 4 of the Dungeon)
  4242 | D:5      | Entered Level 5 of the Dungeon
  4374 | D:5      | Gained mutation: You have a pair of horns on your head. [demonic ancestry]
  4374 | D:5      | Reached XP level 7. HP: 16/46 MP: 3/10
  4379 | D:5      | HP: 2/46 [centaur (1)]
  4966 | D:5      | Noticed Edmund
  4986 | D:5      | Killed Edmund
  5373 | D:5      | Got a twisted ring mail
  5384 | D:5      | Identified the +3 ring mail of Shadows and Fog {Str+2} (You found it on level 5 of the Dungeon)
  5802 | D:6      | Reached XP level 8. HP: 52/52 MP: 11/14
  5845 | D:6      | Found an iron altar of Okawaru.
  6040 | D:6      | Reached skill level 5 in Dodging
  6040 | D:6      | Reached skill level 5 in Spellcasting
  6052 | D:6      | Found a sand-covered staircase.
  6064 | Ossuary  | Entered an ossuary
  6599 | D:6      | Found a sparkling altar of Nemelex Xobeh.
  6771 | D:7      | Noticed Pikel
  6772 | D:7      | Noticed a hippogriff
  6807 | D:7      | Killed a hippogriff
  6940 | D:6      | Killed Pikel
  6940 | D:6      | Gained mutation: You are partially covered in rugged brown scales. (AC +1, +3% HP) [demonic ancestry]
  6940 | D:6      | Reached XP level 9. HP: 36/58 MP: 6/18
  7163 | D:7      | Found an ancient bone altar of Kikubaaqudgha.
  7163 | D:7      | Found a transporter.
  7164 | D:7      | Found a basalt altar of Yredelemnul.
  7164 | D:7      | Noticed Menkaure
  7417 | D:7      | Found a transporter.
  7419 | D:7      | Noticed Joseph
  7437 | D:7      | Killed Joseph
  7661 | D:7      | Gained mutation: You are frail. (-10% HP) [mutagenic meat]
  7662 | D:7      | Gained mutation: Scrolls take you a little longer to read. [mutagenic meat]
  7663 | D:7      | Gained mutation: Your mind is acute. (Int +2) [mutagenic meat]
  7664 | D:7      | Gained mutation: You tend to lose your temper in combat. [mutagenic meat]
  7705 | D:7      | Found a shadowy altar of Dithmenos.
  7939 | D:7      | Found a staircase to the Ecumenical Temple.
  7951 | Temple   | Entered the Ecumenical Temple
  8163 | D:7      | Lost mutation: Your mind is acute. (Int +2) [potion of mutation]
  8163 | D:7      | Lost mutation: You are frail. (-10% HP) [potion of mutation]
  8163 | D:7      | Lost mutation: You tend to lose your temper in combat. [potion of mutation]
  8163 | D:7      | Gained mutation: Your natural rate of healing is unusually fast. [potion of mutation]
  8474 | D:7      | Became a worshipper of Kikubaaqudgha
  8846 | D:8      | Noticed a troll
  8888 | D:7      | Killed a troll
  9084 | D:8      | Noticed a two-headed ogre
  9115 | D:8      | Killed a two-headed ogre
  9115 | D:8      | Reached XP level 10. HP: 64/64 MP: 6/22
  9830 | D:8      | Reached * piety under Kikubaaqudgha
  9830 | D:8      | Identified Kikubaaqudgha's Volume of Dark Secrets (Kikubaaqudgha gifted it to you on level 8 of the Dungeon)
  9830 | D:8      | Received a gift from Kikubaaqudgha
 10458 | D:9      | Got a bloodstained chain mail
 10469 | D:9      | Identified the +6 chain mail "Miluelan" {rPois Str+3 Stlth+} (You found it on level 9 of the Dungeon)
 10506 | D:9      | Found a hazy altar of Hepliaklqana.
 11144 | D:9      | Reached ** piety under Kikubaaqudgha
 11159 | D:9      | Found a staircase to the Orcish Mines.
 11416 | D:9      | Found a radiant altar of Vehumet.
 11943 | D:9      | Noticed a six-headed hydra
 11970 | D:9      | Killed a six-headed hydra
 11970 | D:9      | Gained mutation: You are mostly covered in rugged brown scales. (AC +2, +5% HP) [demonic ancestry]
 11970 | D:9      | Reached XP level 11. HP: 64/71 MP: 19/24
 12126 | D:10     | Entered Level 10 of the Dungeon
 12156 | D:10     | Reached skill level 5 in Conjurations
 12186 | D:10     | Reached skill level 10 in Dodging
 12456 | D:10     | Noticed Grum
 12576 | D:9      | Killed Grum
 13160 | D:10     | Noticed a two-headed ogre
 13164 | D:10     | Killed a two-headed ogre
 13522 | D:10     | Reached *** piety under Kikubaaqudgha
 13522 | D:10     | Identified Kikubaaqudgha's Collected Works on Dark Arts (Kikubaaqudgha gifted it to you on level 10 of the Dungeon)
 13522 | D:10     | Received a gift from Kikubaaqudgha
 13622 | D:10     | Learned a level 3 spell: Regeneration
 13953 | D:10     | Killed an unseen horror
 14081 | D:11     | Noticed a brown ugly thing
 14086 | D:11     | Killed a brown ugly thing
 14450 | D:11     | Found a flagged portal.
 14532 | Bailey   | Entered a bailey
 15004 | Bailey   | Noticed an orc knight
 15029 | Bailey   | Learned a level 2 spell: Corpse Rot
 15046 | Bailey   | Killed an orc knight
 15132 | Bailey   | Noticed an orc knight
 15154 | Bailey   | Killed an orc knight
 15361 | Bailey   | Reached **** piety under Kikubaaqudgha
 15755 | Bailey   | Noticed an orc warlord
 15772 | Bailey   | Noticed an orc knight
 15775 | Bailey   | Noticed an orc knight
 15776 | Bailey   | Killed an orc warlord
 15776 | Bailey   | Reached XP level 12. HP: 49/77 MP: 2/25
 16535 | D:11     | Reached skill level 10 in Conjurations
 16536 | D:11     | Noticed a centaur warrior
 16536 | D:11     | Noticed a death knight
 16537 | D:11     | Killed a centaur warrior
 16724 | D:11     | Killed a death knight
 17135 | D:11     | Reached skill level 10 in Ice Magic
 17811 | D:11     | Found a staircase to the Lair.
 17820 | Lair:1   | Entered Level 1 of the Lair of Beasts
 17846 | Lair:1   | Noticed ANON1729's ghost (journeyman TeCj)
 17849 | Lair:1   | Killed ANON1729's ghost
 17849 | Lair:1   | Reached ***** piety under Kikubaaqudgha
 18031 | Lair:1   | Reached skill level 1 in Charms
 18031 | Lair:1   | Reached skill level 1 in Necromancy
 18830 | Lair:1   | Identified a scroll of acquirement
 19275 | Lair:2   | Reached XP level 13. HP: 82/82 MP: 21/26
 19357 | Lair:2   | Learned a level 2 spell: Blink
 19589 | Lair:2   | Reached skill level 1 in Translocations
 19969 | Lair:2   | Got a pair of jewelled gloves
 19975 | Lair:2   | Identified the -5 pair of gloves "Ifuanle" {rPois rC+ Int+5} (You found it on level 2 of the Lair of Beasts)
 20171 | Lair:2   | Reached skill level 5 in Necromancy
 20856 | Lair:3   | Reached skill level 5 in Charms
 21079 | Lair:3   | Found a staircase to the Snake Pit.
 22096 | Lair:4   | Found a staircase to the Swamp.
 22469 | Lair:4   | Noticed Josephine
 22566 | Lair:4   | Learned a level 5 spell: Dispel Undead
 22769 | Lair:4   | Killed Josephine
 22949 | Lair:5   | Found a labyrinth entrance.
 23017 | Lab      | Entered a labyrinth
 23156 | Lab      | Noticed a minotaur
 23159 | Lab      | Killed a minotaur
 23276 | Lair:1   | Gained mutation: You are partially covered in sharp spines. [demonic ancestry]
 23276 | Lair:1   | Reached XP level 14. HP: 89/89 MP: 27/27
 23627 | Lair:5   | Got a bone falchion
 23628 | Lair:5   | Identified the +6 falchion of the Curious Planets {elec, +Rage rPois Str-5 Int+2} (You found it on level 5 of the Lair of Beasts)
 24067 | Lair:5   | Noticed Kirke
 24086 | Lair:5   | Noticed a sphinx
 24522 | Lair:5   | Gained mutation: You have a pair of large horns on your head. [demonic ancestry]
 24522 | Lair:5   | Reached XP level 15. HP: 87/94 MP: 20/28
 24689 | Lair:4   | Killed Kirke
 24689 | Lair:4   | Reached skill level 10 in Necromancy
 25032 | Lair:5   | Found a staircase to the Slime Pits.
 25295 | Lair:6   | Entered Level 6 of the Lair of Beasts
 25508 | Lair:6   | Found a sparkling altar of Nemelex Xobeh.
 25689 | Lair:6   | Reached ****** piety under Kikubaaqudgha
 26274 | Lair:6   | Reached skill level 1 in Fighting
 26434 | Lair:6   | Got a fine mace
 26439 | Lair:6   | Got an ominously black robe
 26441 | Lair:6   | Got a brightly glowing mace
 26458 | Lair:6   | Identified the +0 robe "Tog Pez" {+Fly} (You found it on level 6 of the Lair of Beasts)
 26468 | Lair:6   | Identified the cursed +1 mace of the Dozen Realms {crush, rC- MR+ MP+9} (You found it on level 6 of the Lair of Beasts)
 26471 | Lair:6   | Identified the +7 mace "Ceit" {crush, rF+ Dex+4} (You found it on level 6 of the Lair of Beasts)
 27456 | Lair:1   | Learned a level 5 spell: Agony
 27458 | Lair:1   | Learned a level 1 spell: Apportation
 27602 | Orc:1    | Entered Level 1 of the Orcish Mines
 27864 | Orc:2    | Entered Level 2 of the Orcish Mines
 28080 | Orc:1    | Noticed Harold
 28093 | Orc:1    | Killed Harold
 28714 | Orc:2    | Found a roughly hewn altar of Beogh.
 28908 | Orc:2    | Found Fiuc Hot's Magic Scroll Boutique.
 28922 | Orc:2    | Mangled by an orc knight

Skill      XL: |  1  2  3  4  5  6  7  8  9 10 11 12 13 14 15 |
---------------+----------------------------------------------+-----
Ice Magic      | 3 4 5 6 7 9 10 | 10.3
Dodging        | 2 4 6 8 9 10 11 12 | 12.2
Spellcasting   | 4 6 8 9 |  9.2
Conjurations   | 4 9 11 | 11.5
Charms         | 3 6 |  6.0
Necromancy     | 3 8 9 12 | 12.0
Translocations | 4 |  4.9
Fighting       | 4 |  4.8
Stealth        | |  1.7

Action                   |  1- 3 |  4- 6 |  7- 9 | 10-12 | 13-15 || total
-------------------------+-------+-------+-------+-------+-------++-------
Melee: Unarmed           |    26 |       |       |       |     1 ||    27
       Headbutt          |     1 |    11 |    83 |    63 |    39 ||   197
       Short sword       |       |    73 |   363 |   266 |    80 ||   782
       Staff             |       |       |       |    23 |     7 ||    30
       Mace              |       |       |       |       |    93 ||    93
 Cast: Freeze            |    58 |    73 |    85 |    28 |     5 ||   249
       Throw Icicle      |       |     1 |    15 |   364 |   340 ||   720
       Ozocubu's Armour  |       |       |     4 |     2 |     1 ||     7
       Corpse Rot        |       |       |       |     6 |     1 ||     7
       Dispel Undead     |       |       |       |       |     2 ||     2
       Regeneration      |       |       |       |       |     1 ||     1
       Agony             |       |       |       |       |     1 ||     1
Invok: Receive Corpses   |       |       |       |     2 |       ||     2
Evoke: Wand              |       |       |       |       |     1 ||     1
  Use: Potion            |       |       |    12 |     1 |     9 ||    22
       Scroll            |       |       |     3 |     7 |     4 ||    14
 Stab: Sleeping          |       |     4 |     7 |     1 |     2 ||    14
  Eat: Chunk             |     3 |     9 |    18 |    31 |    25 ||    86
       Royal jelly       |       |       |     1 |       |     2 ||     3
       Meat ration       |       |       |     1 |       |       ||     1
       Fruit             |       |       |       |     1 |     1 ||     2
Armor: Robe              |    16 |    14 |       |       |       ||    30
       Leather armour    |       |     6 |   130 |    73 |    80 ||   289
Dodge: Dodged            |    45 |    74 |   420 |   370 |   447 ||  1356
